TOP OF THE 1ST |
Tennessee Smokies batting - Pitching for Reading Fightin Phils : RHP Lida Sestak
|
Pitching: RHP Lida Sestak
|
|
Batting: RHB Eric Wiss
|
0-0: Called Strike 0-1: Ball 1-1: Swinging Strike 1-2: Ball 2-2: Strikes out swinging
|
Batting: RHB Khalil Stephens
|
0-0: Ball 1-0: Ground out 5-3 (Groundball, 5S, EV 66.2 MPH)
|
Batting: RHB Brad Santanello
|
0-0: Ball 1-0: Called Strike 1-1: Ball 2-1: Fly out, F9 (Flyball, 9S, EV 85.6 MPH)
|
Top of the 1st over - 0 runs, 0 hits, 0 errors, 0 left on base; Tennessee 0 - Reading 0 |
BOTTOM OF THE 1ST |
Reading Fightin Phils batting - Pitching for Tennessee Smokies : LHP Ricardo Saucedo
|
Pitching: LHP Ricardo Saucedo
|
|
Batting: RHB Tony Perez
|
0-0: Ball 1-0: Ball 2-0: Foul Ball, location: 2F 2-1: Ball 3-1: Base on Balls
|
Batting: RHB Chris Myers
|
0-0: Fielders Choice at 2nd, 6-4 (Groundball, 6, EV 85.0 MPH)
|
Batting: RHB Alan Weller
|
0-0: Ball 1-0: Fly out, F8 (Flyball, 8RXD, EV 85.0 MPH)
|
Batting: RHB Guan-pei Gao
|
0-0: Ball 1-0: Called Strike 1-1: Called Strike Chris Myers steals 2nd base 1-2: Ball 2-2: Reached on error, E3 (Groundball, 34, EV 81.2 MPH) Chris Myers scores
|
Batting: RHB Pablo Lopez
|
0-0: Called Strike 0-1: Called Strike 0-2: Foul Ball, location: 2F 0-2: Ball 1-2: Strikes out swinging
|
Bottom of the 1st over - 1 run, 0 hits, 1 error, 1 left on base; Tennessee 0 - Reading 1 |
TOP OF THE 2ND |
Tennessee Smokies batting - Pitching for Reading Fightin Phils : RHP Lida Sestak
|
Batting: LHB Angel Oropeza
|
0-0: Called Strike 0-1: Ball 1-1: Fly out, F9 (Flyball, 9, EV 98.1 MPH)
|
Batting: RHB David Barnard
|
0-0: Swinging Strike 0-1: Ball 1-1: Ball 2-1: Foul Ball, location: 2F 2-2: Strikes out swinging
|
Batting: RHB Sam Sours
|
0-0: Ball 1-0: Swinging Strike 1-1: Ball 2-1: Ground out 5-3 (Groundball, 56, EV 85.6 MPH)
|
Top of the 2nd over - 0 runs, 0 hits, 0 errors, 0 left on base; Tennessee 0 - Reading 1 |
BOTTOM OF THE 2ND |
Reading Fightin Phils batting - Pitching for Tennessee Smokies : LHP Ricardo Saucedo
|
Batting: LHB Alex Fernandez
|
0-0: Ball 1-0: Swinging Strike 1-1: Swinging Strike 1-2: Foul Ball, location: 2F 1-2: Ground out 3-1 (Groundball, 13, EV 81.9 MPH)
|
Batting: RHB Prabhukumar Santhanakrishnan
|
0-0: Called Strike 0-1: Called Strike 0-2: Ball 1-2: Strikes out swinging
|
Batting: LHB Doug Frampton
|
0-0: Ball 1-0: Foul Ball, location: 2F 1-1: Swinging Strike 1-2: Ball 2-2: Ground out 5-3 (Groundball, 56, EV 92.5 MPH)
|
Bottom of the 2nd over - 0 runs, 0 hits, 0 errors, 0 left on base; Tennessee 0 - Reading 1 |
TOP OF THE 3RD |
Tennessee Smokies batting - Pitching for Reading Fightin Phils : RHP Lida Sestak
|
Batting: RHB Armando Vilano
|
0-0: Ball 1-0: Ball 2-0: Ball 3-0: Called Strike 3-1: Base on Balls
|
Batting: RHB Sung-hwan Jung
|
0-0: Foul Ball, location: 2F 0-1: Ground out 1-3 (Groundball, 13S, EV 71.2 MPH) Armando Vilano to second
|
Batting: RHB Jonathan Sotelo
|
0-0: Ball 1-0: Called Strike 1-1: Ground out 6-3 (Groundball, 6, EV 87.5 MPH) Armando Vilano to third
|
Batting: RHB Eric Wiss
|
0-0: Called Strike 0-1: Ball 1-1: Swinging Strike 1-2: Strikes out swinging
|
Top of the 3rd over - 0 runs, 0 hits, 0 errors, 1 left on base; Tennessee 0 - Reading 1 |
BOTTOM OF THE 3RD |
Reading Fightin Phils batting - Pitching for Tennessee Smokies : LHP Ricardo Saucedo
|
Batting: RHB Danny Habermehl
|
0-0: Foul Ball, location: 2F 0-1: Swinging Strike 0-2: Ball 1-2: Strikes out swinging
|
Batting: RHB Tony Perez
|
0-0: Ball 1-0: Ball 2-0: Ball 3-0: Base on Balls
|
Batting: RHB Chris Myers
|
0-0: Swinging Strike 0-1: Ball 1-1: Swinging Strike 1-2: Fly out, F8 (Flyball, 8RM, EV 90.6 MPH)
|
Batting: RHB Alan Weller
|
0-0: Swinging Strike 0-1: Ball 1-1: Ground out 4-3 (Groundball, 34, EV 89.4 MPH)
|
Bottom of the 3rd over - 0 runs, 0 hits, 0 errors, 1 left on base; Tennessee 0 - Reading 1 |
TOP OF THE 4TH |
Tennessee Smokies batting - Pitching for Reading Fightin Phils : RHP Lida Sestak
|
Batting: RHB Khalil Stephens
|
0-0: Foul Ball, location: 2F 0-1: Foul Ball, location: 2F 0-2: Ball 1-2: Ball 2-2: Ground out 5-3 (Groundball, 56, EV 110.0 MPH)
|
Batting: RHB Brad Santanello
|
0-0: Called Strike 0-1: Ball 1-1: Swinging Strike 1-2: DOUBLE (Flyball, 8RXD, EV 105.0 MPH)
|
Batting: LHB Angel Oropeza
|
0-0: Ball 1-0: Ball 2-0: Called Strike 2-1: SINGLE (Flyball, 3D, EV 93.8 MPH) Brad Santanello to third
|
Batting: RHB David Barnard
|
0-0: Called Strike 0-1: SINGLE (Line Drive, 4D, EV 95.0 MPH) Brad Santanello scores Angel Oropeza to second Runner from 2nd tries for 3rd, SAFE, throw by CF made to third
|
Batting: RHB Sam Sours
|
0-0: Called Strike 0-1: Ball 1-1: Ball 2-1: Foul Ball, location: 2F 2-2: Ball 3-2: Strikes out swinging
|
Batting: RHB Armando Vilano
|
0-0: Called Strike David Barnard steals 2nd base 0-1: Ball 1-1: Foul Ball, location: 2F 1-2: Foul Ball, location: 2F 1-2: Strikes out swinging
|
Top of the 4th over - 1 run, 3 hits, 0 errors, 2 left on base; Tennessee 1 - Reading 1 |
BOTTOM OF THE 4TH |
Reading Fightin Phils batting - Pitching for Tennessee Smokies : LHP Ricardo Saucedo
|
Batting: RHB Guan-pei Gao
|
0-0: Called Strike 0-1: Ball 1-1: Ball 2-1: Swinging Strike 2-2: Strikes out swinging
|
Batting: RHB Pablo Lopez
|
0-0: Called Strike 0-1: Ball 1-1: Foul Ball, location: 2F 1-2: Ground out 5-3 (Groundball, 56, EV 87.5 MPH)
|
Batting: LHB Alex Fernandez
|
0-0: Ground out U3 (Groundball, 34, EV 96.2 MPH)
|
Bottom of the 4th over - 0 runs, 0 hits, 0 errors, 0 left on base; Tennessee 1 - Reading 1 |
TOP OF THE 5TH |
Tennessee Smokies batting - Pitching for Reading Fightin Phils : RHP Lida Sestak
|
Batting: RHB Sung-hwan Jung
|
0-0: Ball 1-0: Ball 2-0: Swinging Strike 2-1: Ball 3-1: Foul Ball, location: 2F 3-2: Ground out 4-3 (Groundball, 4, EV 89.4 MPH)
|
Batting: RHB Jonathan Sotelo
|
0-0: Called Strike 0-1: Called Strike 0-2: Ball 1-2: Ball 2-2: Ball 3-2: Strikes out swinging
|
Batting: RHB Eric Wiss
|
0-0: Ground out 6-3 (Groundball, 6, EV 91.9 MPH)
|
Top of the 5th over - 0 runs, 0 hits, 0 errors, 0 left on base; Tennessee 1 - Reading 1 |
BOTTOM OF THE 5TH |
Reading Fightin Phils batting - Pitching for Tennessee Smokies : LHP Ricardo Saucedo
|
Batting: RHB Prabhukumar Santhanakrishnan
|
0-0: Called Strike 0-1: Ball 1-1: Reached on error, E5 (Groundball, 56S, EV 88.8 MPH)
|
Batting: LHB Doug Frampton
|
0-0: Called Strike 0-1: SINGLE (Line Drive, 89M, EV 109.4 MPH) Prabhukumar Santhanakrishnan to second
|
Batting: RHB Danny Habermehl
|
0-0: Swinging Strike 0-1: Ball 1-1: Ball 2-1: Swinging Strike 2-2: Ball 3-2: Strikes out swinging
|
Batting: RHB Tony Perez
|
0-0: Ball 1-0: Called Strike 1-1: Ball 2-1: Foul Ball, location: 2F 2-2: Foul Ball, location: 2F 2-2: Ball 3-2: Fly out, F8 (Line Drive, 8RD, EV 93.1 MPH)
|
Batting: RHB Chris Myers
|
0-0: Ground out U3 (Groundball, 34D, EV 78.8 MPH)
|
Bottom of the 5th over - 0 runs, 1 hit, 1 error, 2 left on base; Tennessee 1 - Reading 1 |
TOP OF THE 6TH |
Tennessee Smokies batting - Pitching for Reading Fightin Phils : RHP Lida Sestak
|
Batting: RHB Khalil Stephens
|
0-0: Foul Ball, location: 2F 0-1: Ball 1-1: Ball 2-1: SINGLE (Groundball, 6MD, EV 108.1 MPH)
|
Batting: RHB Brad Santanello
|
0-0: Swinging Strike 0-1: Fly out, F9 (Flyball, 89D, EV 97.5 MPH)
|
Batting: LHB Angel Oropeza
|
0-0: Ball 1-0: Ball Khalil Stephens steals 2nd base 2-0: Called Strike 2-1: Swinging Strike 2-2: Strikes out swinging
|
Batting: RHB David Barnard
|
0-0: Ground out 6-3 (Groundball, 6S, EV 88.1 MPH)
|
Top of the 6th over - 0 runs, 1 hit, 0 errors, 1 left on base; Tennessee 1 - Reading 1 |
BOTTOM OF THE 6TH |
Reading Fightin Phils batting - Pitching for Tennessee Smokies : LHP Ricardo Saucedo
|
Batting: RHB Alan Weller
|
0-0: Swinging Strike 0-1: Ball 1-1: Fly out, F8 (Flyball, 8RXD, EV 106.9 MPH)
|
Pitching: LHP Nate George
|
|
Batting: RHB Guan-pei Gao
|
0-0: Called Strike 0-1: Swinging Strike 0-2: SINGLE (Groundball, 6D, EV 108.8 MPH)
|
Batting: RHB Pablo Lopez
|
0-0: Swinging Strike 0-1: Called Strike 0-2: Ball 1-2: Ball 2-2: Strikes out swinging
|
Batting: LHB Alex Fernandez
|
0-0: Called Strike 0-1: DOUBLE (Line Drive, 78D, EV 107.5 MPH) Guan-pei Gao to third Runner from 3rd tries for Home, throw by LF and OUT! 7-6-2
|
Bottom of the 6th over - 0 runs, 2 hits, 0 errors, 1 left on base; Tennessee 1 - Reading 1 |
TOP OF THE 7TH |
Tennessee Smokies batting - Pitching for Reading Fightin Phils : RHP Lida Sestak
|
Batting: RHB Sam Sours
|
0-0: Ground out 4-3 (Groundball, 4, EV 83.8 MPH)
|
Batting: RHB Armando Vilano
|
0-0: Ball 1-0: Ball 2-0: Called Strike 2-1: Swinging Strike 2-2: Ball 3-2: Strikes out swinging
|
Batting: RHB Sung-hwan Jung
|
0-0: Foul Ball, location: 2F 0-1: Ground out 4-3 (Groundball, 4S, EV 90.0 MPH)
|
Top of the 7th over - 0 runs, 0 hits, 0 errors, 0 left on base; Tennessee 1 - Reading 1 |
BOTTOM OF THE 7TH |
Reading Fightin Phils batting - Pitching for Tennessee Smokies : LHP Nate George
|
Pitching: RHP Karl Stuart
|
|
Batting: RHB Prabhukumar Santhanakrishnan
|
0-0: Called Strike 0-1: Foul Ball, location: 2F 0-2: Strikes out looking
|
Batting: LHB Doug Frampton
|
0-0: Called Strike 0-1: Called Strike 0-2: Ball 1-2: Ball 2-2: Foul Ball, location: 2F 2-2: Strikes out swinging
|
Batting: RHB Danny Habermehl
|
0-0: Ball 1-0: Swinging Strike 1-1: Ball 2-1: Called Strike 2-2: Foul Ball, location: 2F 2-2: Foul Ball, location: 2F 2-2: Ball 3-2: DOUBLE (Line Drive, 3D, EV 100.0 MPH)
|
Batting: RHB Tony Perez
|
0-0: Swinging Strike 0-1: Ball 1-1: Ball 2-1: Foul Ball, location: 2F 2-2: Ball 3-2: Ground out 5-3 (Groundball, 56S, EV 67.5 MPH)
|
Bottom of the 7th over - 0 runs, 1 hit, 0 errors, 1 left on base; Tennessee 1 - Reading 1 |
TOP OF THE 8TH |
Tennessee Smokies batting - Pitching for Reading Fightin Phils : RHP Lida Sestak
|
Pitching: LHP Eddie San Miguel
|
|
Batting: RHB Jonathan Sotelo
|
0-0: Ball 1-0: Swinging Strike 1-1: Foul Ball, location: 2F 1-2: Ball 2-2: Ball 3-2: Strikes out swinging
|
Batting: RHB Eric Wiss
|
0-0: Called Strike 0-1: Called Strike 0-2: Foul Ball, location: 2F 0-2: Foul Ball, location: 2F 0-2: Ball 1-2: Ground out 5-3 (Groundball, 56, EV 83.8 MPH)
|
Batting: RHB Khalil Stephens
|
0-0: Ball 1-0: Foul Ball, location: 2F 1-1: Ball 2-1: Called Strike 2-2: SOLO HOME RUN (Flyball, 8RXD, EV 115.6 MPH), Distance : 441 ft
|
Batting: RHB Brad Santanello
|
0-0: DOUBLE (Line Drive, 7LS, EV 113.1 MPH)
|
Batting: LHB Angel Oropeza
|
0-0: Ball 1-0: Ball 2-0: Ball 3-0: Called Strike 3-1: Ground out 4-3 (Groundball, 4, EV 87.5 MPH)
|
Top of the 8th over - 1 run, 2 hits, 0 errors, 1 left on base; Tennessee 2 - Reading 1 |
BOTTOM OF THE 8TH |
Reading Fightin Phils batting - Pitching for Tennessee Smokies : RHP Karl Stuart
|
Pitching: RHP Heriberto Esquivel
|
|
Batting: RHB Chris Myers
|
0-0: Ground out 5-3 (Groundball, 56, EV 85.0 MPH)
|
Batting: RHB Alan Weller
|
0-0: Called Strike 0-1: Fly out, F3 (Line Drive, 3, EV 65.0 MPH)
|
Batting: RHB Guan-pei Gao
|
0-0: Ball 1-0: Ball 2-0: Called Strike 2-1: Foul Ball, location: 2F 2-2: Ball 3-2: Foul Ball, location: 2F 3-2: SINGLE (Groundball, 34D, EV 106.2 MPH)
|
Batting: RHB Pablo Lopez
|
0-0: Ball 1-0: Fly out, F5 (Line Drive, 56, EV 67.5 MPH)
|
Bottom of the 8th over - 0 runs, 1 hit, 0 errors, 1 left on base; Tennessee 2 - Reading 1 |
TOP OF THE 9TH |
Tennessee Smokies batting - Pitching for Reading Fightin Phils : LHP Eddie San Miguel
|
Pitching: RHP Danny Zuniga
|
|
Batting: RHB David Barnard
|
0-0: Ball 1-0: Ball 2-0: Swinging Strike 2-1: Fly out, F8 (Line Drive, 8LD, EV 93.8 MPH)
|
Batting: RHB Sam Sours
|
0-0: Foul Ball, location: 2F 0-1: Swinging Strike 0-2: Ball 1-2: Foul Ball, location: 2F 1-2: Ground out 6-3 (Groundball, 6, EV 106.2 MPH)
|
Batting: RHB Armando Vilano
|
0-0: Foul Ball, location: 2F 0-1: Foul Ball, location: 2F 0-2: Ball 1-2: Ball 2-2: Ball 3-2: SOLO HOME RUN (Flyball, 7LD, EV 93.8 MPH), Distance : 351 ft
|
Batting: RHB Sung-hwan Jung
|
0-0: Foul Ball, location: 2F 0-1: Ball 1-1: Ground out 6-3 (Groundball, 6, EV 106.2 MPH)
|
Top of the 9th over - 1 run, 1 hit, 0 errors, 0 left on base; Tennessee 3 - Reading 1 |
BOTTOM OF THE 9TH |
Reading Fightin Phils batting - Pitching for Tennessee Smokies : RHP Heriberto Esquivel
|
Pitching: RHP Jorge Mora
|
|
Batting: LHB Alex Fernandez
|
0-0: Called Strike 0-1: Called Strike 0-2: Strikes out swinging
|
Batting: RHB Prabhukumar Santhanakrishnan
|
0-0: Called Strike 0-1: Ball 1-1: Foul Ball, location: 2F 1-2: Ball 2-2: Strikes out swinging
|
Batting: LHB Doug Frampton
|
0-0: Called Strike 0-1: Swinging Strike 0-2: Ball 1-2: Ball 2-2: Foul Ball, location: 2F 2-2: Strikes out swinging
|
Bottom of the 9th over - 0 runs, 0 hits, 0 errors, 0 left on base; Tennessee 3 - Reading 1 |
|